 Dungeon Crawl Stone Soup version 0.18-a0-1702-gd20c6a5 (webtiles) character file.

198 OrbSalesman the Conjurer (level 5, -1/34 HPs)
             Began as a Demonspawn Wanderer on Apr 6, 2016.
             Slain by an orc
             ... wielding a +0 flail
              (10 damage)
             ... on level 3 of the Dungeon.
             The game lasted 00:10:12 (2857 turns).

OrbSalesman the Conjurer (Demonspawn Wanderer)      Turns: 2857, Time: 00:10:13

Health: -1/34      AC:  2    Str: 10    XL:     5   Next: 47%
Magic:  1/19       EV: 11    Int: 17    God:
Gold:   184        SH:  0    Dex: 14    Spells: 2 memorised, 6 levels left

rFire  . . .     SeeInvis .     i - +0 hand axe (freeze)
rCold  + . .     Gourm    .     d - +0 robe
rNeg   . . .     Faith    .     (no shield)
rPois  .         Spirit   .     (helmet restricted)
rElec  .         Dismiss  .     (no cloak)
rCorr  .         Reflect  .     (no gloves)
SustAt .         Harm     .     (no boots)
MR     +....                    (no amulet)
Stlth  +.........               m - ring of protection from magic
                                l - ring of magical power

@: very slightly contaminated, somewhat resistant to hostile enchantments, very
unstealthy
A: antennae 1, agile 1, cold resistance 1, frail 1, MP-powered wands
a: no special abilities


You were on level 3 of the Dungeon.
You were hungry.

You visited 1 branch of the dungeon, and saw 3 of its levels.

You collected 184 gold pieces.

Inventory:

Hand Weapons
 b - a +0 hand axe
 i - a +0 hand axe of freezing (weapon)
Armour
 a - a +0 shield
 d - a +0 robe (worn)
Jewellery
 l - a ring of magical power (left hand)
 m - a ring of protection from magic (right hand)
Scrolls
 h - a scroll of blinking {unknown}
 j - a scroll of amnesia {unknown}
 p - 2 scrolls of identify {unknown}
 s - a scroll of remove curse {unknown}
Potions
 k - a potion of mutation
 n - a potion of heal wounds {unknown}
 o - a potion of agility {unknown}
 q - a potion of beneficial mutation {unknown}
 t - a potion of invisibility {unknown}
Books
 c - the Reference Book on the Birds

   Spells                             Type                      Level
   a - Shock                          Conjuration/Air              1
   b - Static Discharge               Conjuration/Air              3
Comestibles
 f - 5 bread rations
 g - a meat ration
 r - a beef jerky


   Skills:
 - Level 2.0 Fighting
 - Level 1.0 Axes
 - Level 1.7 Armour
 - Level 1.7 Shields
 + Level 3.3 Spellcasting
 * Level 3.8 Conjurations
 - Level 1.7 Air Magic


You had 6 spell levels left.
You knew the following spells:

 Your Spells              Type           Power        Failure   Level  Hunger
a - Shock                 Conj/Air       ##..         6%          1    None
b - Static Discharge      Conj/Air       ##......     17%         3    ###....


Dungeon Overview and Level Annotations

Branches:
Dungeon (3/15)

Altars:
Elyvilon
Makhleb
Sif Muna
Trog

Annotations:
D:3 kip's ghost, amateur DsGl


Innate Abilities, Weirdness & Mutations

You have a pair of small antennae on your head.
Your flesh is cold resistant.
You are agile. (Dex +2)
You are frail (-10% HP).
You expend magic power (3 MP) to strengthen your wands.


Message History

Confirm with . or Enter, or press ? or * to list all spells.
Aiming: Shock
Press: ? - help, Shift-Dir - straight line, p - orc The zap hits the orc priest.
The orc priest is almost dead.
The zap hits the orc priest.
You kill the orc priest!
The orc hits you with a flail!
* * * LOW HITPOINT WARNING * * *
Drink which item? (? for menu, Esc to quit)
Okay, then.
Unknown command.
Drink which item? (? for menu, Esc to quit)
It was a potion of mutation.
You feel extremely strange.
You feel agile.
You feel frail.
You feel your magical essence link to your wands.
The orc closely misses you.
Drink which item? (? for menu, Esc to quit)
It was a potion of curing.
You feel better. The orc hits you with a flail!
You die...

# # # # ##### #.... ##########
#.### #........# #.###
#####@.......#####.#..
+...)o.............#.#
#####..............#..
#.........####.#.# #.........#
#.#.. #.........# #...#
#.........# ##..# #########
#.........# #...
........################.#####.##


You could see an orc.

Vanquished Creatures
  A crimson imp (D:2)
  An orc priest (D:3)
  5 adders
  5 worms (D:2)
  2 dart slugs
  2 giant geckos
  An orc (D:3)
  3 giant cockroaches
  10 goblins
  10 hobgoblins
  2 jackals (D:2)
  3 kobolds (D:1)
  A ball python (D:1)
  11 bats
  A giant newt (D:1)
  10 rats
68 creatures vanquished.

Notes
Turn   | Place    | Note
--------------------------------------------------------------
     0 | D:1      | OrbSalesman the Demonspawn Wanderer began the quest for the Orb.
     0 | D:1      | OrbSalesman set off with: a +0 shield, a +0 hand axe, the Reference Book on the Birds, a +0 robe, a bread ration
     0 | D:1      | Reached XP level 1. HP: 16/16 MP: 2/2
     0 | D:1      | Identified the Reference Book on the Birds
     2 | D:1      | Learned a level 1 spell: Shock
   275 | D:1      | Gained mutation: Your flesh is cold resistant. [demonic ancestry]
   275 | D:1      | Reached XP level 2. HP: 19/22 MP: 1/5
   456 | D:1      | Reached skill level 1 in Conjurations
   707 | D:1      | Reached XP level 3. HP: 20/27 MP: 6/6
  1172 | D:2      | Reached XP level 4. HP: 28/33 MP: 8/8
  1564 | D:2      | Noticed a moth of wrath
  1567 | D:2      | Found a bloodstained altar of Trog.
  1715 | D:2      | Found a burning altar of Makhleb.
  1731 | D:2      | Learned a level 3 spell: Static Discharge
  1736 | D:2      | Gained mutation: You have a pair of small antennae on your head. [demonic ancestry]
  1736 | D:2      | Reached XP level 5. HP: 30/38 MP: 5/9
  2122 | D:2      | Found a deep blue altar of Sif Muna.
  2361 | D:3      | Found a white marble altar of Elyvilon.
  2371 | D:3      | Noticed kip's ghost (amateur DsGl)
  2855 | D:3      | HP: 1/38 [orc/flail (7)]
  2856 | D:3      | Gained mutation: You are agile. (Dex +2) [potion of mutation]
  2856 | D:3      | Gained mutation: You are frail (-10% HP). [potion of mutation]
  2856 | D:3      | Gained mutation: You expend magic power (3 MP) to strengthen your wands. [potion of mutation]
  2857 | D:3      | Slain by an orc

Vault maps used:
D:1:      lightli_arrival_flooded_house
D:2:      makhleb_grotto_becter, lemuel_blue_sif_altar, tgw_trog,
          corexii_leaking_fountain, hangedman_abyss_or_decor_lesser_grid,
          minmay_bisected
D:3:      lemuel_round_altar, elyvilon_altar_4, first_bread,
          hangedman_decor_peaks_small, minmay_misc_feat_x

Skill      XL: |  1  2  3  4 |
---------------+-------------+-----
Spellcasting   | 2 3 |  3.3
Conjurations   | 1 2 3 |  3.8
Fighting       | |  2.0
Axes           | |  1.0
Armour         | |  1.7
Shields        | |  1.7
Air Magic      | |  1.7

Action                   |  1- 3 |  4- 6 || total
-------------------------+-------+-------++-------
Melee: Hand axe          |    57 |    70 ||   127
 Cast: Shock             |    35 |    27 ||    62
       Static Discharge  |       |    10 ||    10
  Use: Potion            |       |     2 ||     2
  Eat: Chunk             |     1 |     6 ||     7
